 Dungeon Crawl Stone Soup version 0.22.0-49-gab54619 (webtiles) character file.

58 Doobh the Sneak (level 4, -3/24 HPs)
             Began as a Kobold Enchanter on Sept 4, 2018.
             Slain by an adder (5 damage)
             ... on level 2 of the Dungeon.
             The game lasted 00:08:46 (2258 turns).

Doobh the Sneak (Kobold Enchanter)                  Turns: 2258, Time: 00:08:46

Health: -3/24      AC:  2    Str:  5    XL:     4   Next: 21%
Magic:  2/7        EV: 16    Int: 22    God:
Gold:   94         SH:  0    Dex: 15    Spells: 5/8 levels left

rFire    . . .     SeeInvis .   a - +1 dagger
rCold    . . .     Gourm    .   (shield restricted)
rNeg     . . .     Faith    .   b - +0 robe
rPois    .         Spirit   .   (no helmet)
rElec    .         Reflect  .   (no cloak)
rCorr    .         Harm     .   (no gloves)
MR       .....                  (no boots)
Stlth    +++.......             (no amulet)
HPRegen  0.08/turn              (no ring)
MPRegen  0.10/turn              (no ring)

@: brilliant, lethally poisoned (-3 -> -11), flying
A: small, carnivore
a: no special abilities


You were on level 2 of the Dungeon.
You were very full.

You visited 1 branch of the dungeon, and saw 2 of its levels.

You collected 94 gold pieces.

Inventory:

Hand Weapons
 a - a +1 dagger (weapon)
Missiles
 c - 46 stones (quivered)
 k - 8 poisoned needles
Armour
 b - a +0 robe (worn)
Scrolls
 e - a scroll of random uselessness {unknown}
 f - a scroll of remove curse {unknown}
 g - 4 scrolls of identify {unknown}
 j - a scroll of enchant weapon {unknown}
Potions
 i - 2 potions of brilliance
Comestibles
 d - 3 rations


   Skills:
 * Level 3.1 Short Blades
 + Level 3.0 Dodging
 - Level 4.0 Stealth
 + Level 2.6 Spellcasting
 * Level 3.6 Hexes


You had 5 spell levels left.
You knew the following spells:

 Your Spells              Type           Power        Failure   Level  Hunger
a - Corona                Hex            ####...      1%          1    None
b - Ensorcelled Hibernat  Hex/Ice        ###...       1%          2    ##.....

Your spell library contained the following spells:

 Spells                   Type           Power        Failure   Level  Hunger
 Confuse                  Hex            ####....     1%          3    ###....
 Tukima's Dance           Hex            ####....     1%          3    ###....
 Dazzling Spray           Conj/Hex       ###...       2%          3    ###....


Dungeon Overview and Level Annotations

Branches:
Dungeon (2/15)

Altars:


Innate Abilities, Weirdness & Mutations

You are small and have problems with some larger weapons.
You are carnivorous and can eat meat at any time.


Message History

You feel clever all of a sudden.
* * * LOW HITPOINT WARNING * * *
You feel sick. The adder misses you. The adder completely misses you.
It was a potion of flight.
You feel very buoyant.
You fly up into the air.
* * * LOW HITPOINT WARNING * * *
You feel sick. The adder misses you.
You hit the adder but do no damage.
The adder is almost dead.
* * * LOW HITPOINT WARNING * * *
You feel sick. The adder closely misses you.
You hit the adder but do no damage.
The adder is almost dead.
The adder closely misses you.
You miss the adder.
The adder is almost dead.
* * * LOW HITPOINT WARNING * * *
You feel sick. The adder bites you.
You die...

........###.####..####
##.#
##....#..##......## #.#
...............### #.#
.######......#.########
#.# .#
#.#.#.##..#.....# #.#
## #.#...###.#.....#
#.# # #.##..###.......#
#.####### #
###.##..##.S......#
#........
###...###>##.#@.....#
#.#######
###...####..)..#......#
#........
...........#####......#
#.##..#.# #.........>#
#...######........
..##.......#
###..)..#..#.#.#..
####.......#
#)##............ #
#########
##.##.#.#.#..#.#. #
#................
#.#.#.#..###.#...


You could see an adder.

Vanquished Creatures
  3 gnolls (D:2)
  2 worms (D:2)
  A leopard gecko (D:1)
  3 giant cockroaches
  A hobgoblin (D:2)
  3 jackals (D:1)
  A quokka (D:2)
  A ball python (D:1)
  2 bats
  A goblin (D:1)
  3 kobolds
  2 rats (D:1)
23 creatures vanquished.

Notes
Turn   | Place    | Note
-------+----------+-------------------------------------------
     0 | D:1      | Doobh the Kobold Enchanter began the quest for the Orb.
     0 | D:1      | Reached XP level 1. HP: 10/10 MP: 3/3
   257 | D:1      | Reached XP level 2. HP: 15/15 MP: 5/5
   261 | D:1      | Learned a level 2 spell: Ensorcelled Hibernation
  1420 | D:2      | Reached XP level 3. HP: 19/19 MP: 6/6
  2126 | D:2      | Reached XP level 4. HP: 24/24 MP: 4/7
  2258 | D:2      | Slain by an adder

Skill      XL: |  1  2  3  4 |
---------------+-------------+-----
Short Blades   | 2 3 |  3.1
Dodging        | 3 |  3.0
Stealth        | |  4.0
Spellcasting   | |  2.6
Hexes          | |  3.6

Action                   |  1- 3 |  4- 6 || total
-------------------------+-------+-------++-------
Melee: Dagger            |    77 |    16 ||    93
Throw: Stone             |       |     1 ||     1
 Cast: Ensorcelled Hiber |    12 |     4 ||    16
  Use: Potion            |       |     2 ||     2
 Stab: Sleeping          |    15 |     1 ||    16
  Eat: Chunk             |    10 |     2 ||    12
Armor: Robe              |    11 |       ||    11
Dodge: Dodged            |    56 |    12 ||    68
